[Event "Ebbe Cup 48"]
[Site "Goteborgs Schackcentrum, Vegatan 20, Gothenburg, Sweden"]
[Date "2025.02.14"]
[Round "1.1"]
[White "Hitcher, Oscar"]
[Black "Karlsson, Stefan"]
[Result "0-1"]
[TimeControl "90 minutes + 30 seconds per move from move one"]
[WhiteFideId "1746901"]
[BlackFideId "1771183"]
[WhiteElo "1712"]
[BlackElo "2050"]

1. Nf3 Nf6 2. d4 g6 3. e3 Bg7 4. Bd3 O-O 5. b3 d6 6. O-O Nbd7 7. c4 e5 8. dxe5 dxe5 9. Ba3 e4 10.
Bxf8 Nxf8 11. Nbd2 Qxd3 12. Ne1 Qd6 13. Rc1 Qe5 14. Qc2 Bg4 15. Nb1 Ne6 16. h3 Qh5 17. f3 exf3 18. Nxf3 Bf5 19. Qf2 Bh6 20. Rce1 Bxb1 21. Rxb1 Ne4 22. Qe1 Qc5 23. Nd4 Nxd4 24. exd4 Qxd4+ 25. Kh2 Nd2 26. Rd1 Nxf1+ 27. Qxf1 Qf4+ 28. Qxf4 Bxf4+ 29. g3 Bd6 0-1

[Event "Ebbe Cup 48"]
[Site "Goteborgs Schackcentrum, Vegatan 20, Gothenburg, Sweden"]
[Date "2025.02.14"]
[Round "1.2"]
[White "Andren, Patrik"]
[Black "Evertsson, David"]
[Result "1-0"]
[TimeControl "90 minutes + 30 seconds per move from move one"]
[WhiteFideId "1767135"]
[BlackFideId "1777424"]
[WhiteElo "1959"]
[BlackElo "1710"]

1. e4 c5 2. Nc3 Nc6 3. Bb5 Nd4 4. d3 a6 5. Bc4 e6 6.
f4 b5 7. Bb3 Nf6 8. Nf3 Bb7 9. O-O Be7 10. Qe1 Qc7 11. Nxd4 cxd4 12. Ne2 a5 13. a4 b4 14. Nxd4 Qb6 15. c3 bxc3 16. bxc3 Bc5 17. Bc4 Bxd4+ 18. cxd4 Qxd4+ 19. Be3 Qd6 20. Qg3 Nh5 21. Qg5 g6 22. Bc5 f6 23. Bxd6 fxg5 24. fxg5 Ng7 25. Rf2 Rc8 26. Raf1 Nf5 27. exf5 gxf5 28. Rb2 Bc6 29. h4 Bxa4 30. Ba6 Ra8 31. Bb7 Rd8 32. Bc7 Ke7 33. Bxd8+ Rxd8 34. Ra1 Bc6 35. Bxc6 dxc6 36. Rb7+ Kf8 37. Rxa5 Kg8 38. Raa7 e5 39. Rg7+ Kf8 40. Raf7+ Ke8 1-0

[Event "Ebbe Cup 48"]
[Site "Goteborgs Schackcentrum, Vegatan 20, Gothenburg, Sweden"]
[Date "2025.02.14"]
[Round "1.3"]
[White "Dahlin, Emil"]
[Black "Green, David"]
[Result "0-1"]
[TimeControl "90 minutes + 30 seconds per move from move one"]
[WhiteFideId "1771035"]
[BlackFideId "1769332"]
[WhiteElo "1698"]
[BlackElo "1892"]

1. e4 c5 2. Nf3 e6 3. d4 cxd4 4. Nxd4 Nf6 5. Nc3 Nc6 6. Be3 Bb4 7. f3 d5 8.
Nxc6 bxc6 9. e5 Nd7 10. f4 Qa5 11. Bd2 O-O 12. a3 Be7 13. h4 Qb6 14. b4 f6 15. exf6 Bxf6 16. Na4 Qd8 17. Nc3 Bxh4+ 18. Ke2 d4 19. g3 dxc3 20. Bxc3 Bf6 21. Qd3 g6 22. Bg2 Qb6 23. Kf3 Rd8 24. Qc4 Re8 25. Rae1 Ba6 26. Qb3 Nc5 27. bxc5 Qxb3 28. cxb3 Bxc3 29. Rb1 Red8 30. Rhd1 Bd3 31. Bh3 Kf7 32. Rbc1 Bb2 33. b4 Bxc1 34. Rxc1 Bf5 35. Bf1 h5 36. Ba6 Rd2 37. Bb7 Rad8 38. Re1 R8d3+ 39. Re3 Bg4+ 40. Ke4 Rd4+ 41. Ke5 Rd5+ 0-1

[Event "Ebbe Cup 48"]
[Site "Goteborgs Schackcentrum, Vegatan 20, Gothenburg, Sweden"]
[Date "2025.02.14"]
[Round "1.4"]
[White "Christoforidis, Nicolas"]
[Black "Pettersson, Lennart"]
[Result "1-0"]
[TimeControl "90 minutes + 30 seconds per move from move one"]
[WhiteFideId "1789180"]
[BlackFideId "1791419"]
[WhiteElo "1886"]
[BlackElo "1691"]

1. d4 d5 2. Bf4 f6 3. e3 Nc6 4.
Nf3 Bf5 5. Nh4 Qd7 6. Nxf5 Qxf5 7. Bd3 Qd7 8. Qh5+ Kd8 9. Qf7 Nh6 10. Bxh6 gxh6 11. Bxh7 Qe8 12. Qxd5+ Kc8 13.
Bf5+ Kb8 14. Qe6 a6 15. Nc3 Bg7 16. a3 Na7 17. Nd5 Bf8 18. Nxf6 Qc6 19. Nd7+ Kc8 20. Nxf8+ Qxe6 21. Nxe6 Rg8 22. Nc5+ Kb8 23. Nd7+ Kc8 24. Nb6+ Kb8 25. Nxa8 Kxa8 26. g4 Nb5 27. Rg1 Nd6 28. Bd3 Nf7 29. h4 e6 30. f4 h5 31. g5 Nd6 32. Ke2 Nf5 33. Bxf5 exf5 34. g6 1-0

[Event "Ebbe Cup 48"]
[Site "Goteborgs Schackcentrum, Vegatan 20, Gothenburg, Sweden"]
[Date "2025.02.14"]
[Round "1.5"]
[White "Hamsten, Martin"]
[Black "Gustavsson, Ville"]
[Result "1/2-1/2"]
[TimeControl "90 minutes + 30 seconds per move from move one"]
[WhiteFideId "1780425"]
[BlackFideId "1792822"]
[WhiteElo "1669"]
[BlackElo "1884"]

1. e4 c6 2. d4 d5 3. e5 c5 4.
dxc5 Nc6 5. Nf3 Bg4 6. Be2 e6 7. Bf4 Bxc5 8. Nbd2 Qb6 9. O-O Qxb2 10. Rb1 Qxa2 11. Rxb7 Nge7 12. Nb3 Bb6 13. Bb5 O-O 14. h3 Bf5 15. Nbd4 Nxd4 16. Nxd4 Bxd4 17. Qxd4 Rfb8 18. Ra1 Qxa1+ 19. Qxa1 Rxb7 20. Ba6 Rc7 21. Bd3 Rac8 22. g4 Bxd3 23. cxd3 Ng6 24. Be3 Rc3 25. d4 R8c7 26. Qa4 Nf8 27. Bd2 R3c4 28. Qa5 Nd7 29. Bb4 Nb6 30. Bc5 Rb7 31. Qb5 h6 32. f4 Rc1+ 33. Kg2 Ra1 34. Qc6 Rb8 35. f5 Nc4 36. Qc7 Rab1 37. fxe6 R8b2+ 38. Kg3 Rg1+ 39. Kh4 g5+ 40. Kh5 fxe6 41. Qd8+ Kh7 42. Qe7+ Kh8 43. Qf8+ Kh7 1/2-1/2

[Event "Ebbe Cup 48"]
[Site "Goteborgs Schackcentrum, Vegatan 20, Gothenburg, Sweden"]
[Date "2025.02.14"]
[Round "1.6"]
[White "Havner, Arvid"]
[Black "Hernebring, Marten"]
[Result "1-0"]
[TimeControl "90 minutes + 30 seconds per move from move one"]
[WhiteFideId "1769308"]
[BlackFideId "1776894"]
[WhiteElo "1881"]
[BlackElo "1663"]

1. Nc3 d5 2. e4 d4 3. Nce2 c5 4. Ng3 g6 5. Bc4 Nd7 6. d3 Bg7 7. f4 e6 8. Nf3 b5 9. Bb3 Ne7 10. a4 bxa4 11. Bxa4 O-O 12. O-O Nb6 13. Bb3 a5 14. h4 a4 15. Ba2 h6 16. h5 Kh7 17. Nh4 Nc6 18. Qg4 Qe8 19. Bd2 Bf6 20. hxg6+ fxg6 21. f5 g5 22. Ng6 Rg8 23. Nh5 Bd8 24. Rf3 Rxg6 25. fxg6+ Qxg6 26. Raf1 Ne5 27. Qg3 Nxf3+ 28. Qxf3 Ra7 29. Qf8 Qxh5 30. Qxd8 Qe2 31. Qxb6 Rb7 32. Qxc5 Qxd2 33. Qxc8 Rxb2 34. Qd7+ Kg8 35. Qxe6+ 1-0

[Event "Ebbe Cup 48"]
[Site "Goteborgs Schackcentrum, Vegatan 20, Gothenburg, Sweden"]
[Date "2025.02.14"]
[Round "1.7"]
[White "Sivarama, Saadhvik"]
[Black "Madevan Vaishnavi, Yaashvan"]
[Result "1/2-1/2"]
[TimeControl "90 minutes + 30 seconds per move from move one"]
[WhiteFideId "1773720"]
[BlackFideId "1772180"]
[WhiteElo "1657"]
[BlackElo "1867"]

1. e4 c5 2. Nf3 g6 3. Bc4 d6 4. d4 cxd4 5. Nxd4 Nf6 6. Nc3 Bg7 7. O-O O-O 8. Be3 Nc6 9. Bd5 Bd7 10. Bb3 Rc8 11. Qd2 a6 12. Rad1 b5 13. Qe2 Na5 14. Nf3 b4 15. Nd5 Bb5 16. Qd2 Nxb3 17. cxb3 Nxd5 18. exd5 Bxf1 19. Kxf1 a5 20. Nd4 Qd7 21. Nc6 e6 22. Nxa5 exd5 23. Qxd5 Bxb2 24. Nc4 Bg7 25. Nb6 Qc7 26. Nxc8 Rxc8 27. Qxd6 Qxd6 28. Rxd6 Bf8 29. Ra6 h5 30. Bf4 Rd8 31. Rb6 Kg7 32. Ke2 Ra8 33. Be5+ Kh7 34. Rb8 Rxa2+ 35. Kd3 Bg7 36. Bxg7 Kxg7 37. Ke3 Rb2 38. Rxb4 Kf6 39. g3 Kf5 40. h4 f6 41. Rb5+ Kg4 42. Rb6 g5 43. hxg5 fxg5 44. Rb4+ Kh3 45. Kf3 h4 46. gxh4 gxh4 47. Ke3 Kg2 48. Rxh4 Rxb3+ 49. Ke2 Rb2+ 50. Ke3 Rb3+ 51. Kd2 Kxf2 1/2-1/2

[Event "Ebbe Cup 48"]
[Site "Goteborgs Schackcentrum, Vegatan 20, Gothenburg, Sweden"]
[Date "2025.02.14"]
[Round "1.8"]
[White "Brodocz, Bartosz"]
[Black "Hassinge, Ove"]
[Result "1-0"]
[TimeControl "90 minutes + 30 seconds per move from move one"]
[WhiteFideId "21025894"]
[BlackFideId "1774530"]
[WhiteElo "1821"]
[BlackElo "1655"]

1. e4 c5 2. c3 d5 3. exd5 Qxd5 4. d4 cxd4 5. cxd4 e5 6. Nf3 exd4 7. Nxd4 Bc5 8. Be3 Nf6 9. Nc3 Qd8 10. Ndb5 Qe7 11. Be2 O-O 12. Bxc5 Qxc5 13. O-O a6 14. Na4 Qd5 15. Nb6 Qe5 16. Nxa8 axb5 17. Rc1 Qxb2 18. Qc2 Qe5 19. Rfe1 Bf5 20. Bd3 Bxd3 21. Qxd3 Qg5 22. Qd6 Nbd7 23. Nb6 Qf5 24. Nxd7 Nxd7 25. Rc7 Nf6 26. Rxb7 h5 27. Qxf8+ 1-0

[Event "Ebbe Cup 48"]
[Site "Goteborgs Schackcentrum, Vegatan 20, Gothenburg, Sweden"]
[Date "2025.02.14"]
[Round "1.9"]
[White "Gallon, John"]
[Black "Bergdahl, Daniel"]
[Result "0-1"]
[TimeControl "90 minutes + 30 seconds per move from move one"]
[WhiteFideId "1783661"]
[BlackFideId "1780921"]
[WhiteElo "1651"]
[BlackElo "1818"]

1. e4 c6 2. d4 d5 3. exd5 cxd5 4. h3 Nc6 5. Nf3 Nf6 6. Bd3 e6 7. Bf4 Qb6 8. b3 Ne4 9. c3 Ne7 10. Qe2 Nd6 11. O-O a6 12. Rd1 Bd7 13. c4 dxc4 14. bxc4 Ng6 15. Bxg6 hxg6 16. Nc3 Qa5 17. Rac1 Rc8 18. Nd5 Ba4 19. Rd3 Bc6 20. Rdc3 Bxd5 21. cxd5 Rxc3 22. Rxc3 Qxc3 23. dxe6 g5 24. Bxg5 f6 25. Bf4 Be7 0-1

[Event "Ebbe Cup 48"]
[Site "Goteborgs Schackcentrum, Vegatan 20, Gothenburg, Sweden"]
[Date "2025.02.14"]
[Round "1.10"]
[White "Bergdahl, Martin"]
[Black "Laudinger, Christian"]
[Result "0-1"]
[TimeControl "90 minutes + 30 seconds per move from move one"]
[WhiteFideId "1782231"]
[BlackFideId "1774638"]
[WhiteElo "1802"]
[BlackElo "1626"]

1. e4 d6 2. d4 Nf6 3. Nc3 g6 4. Nf3 Bg7 5. Bg5 h6 6.
Bh4 O-O 7. e5 Nfd7 8. Nd5 Re8 9. Bc4 c6 10. e6 fxe6 11. Nf4 Nf8 12. Bg3 Kh7 13. Bd3 e5 14. Nxg6 e4 15. Bxe4 Qa5+ 16. Kf1 Bf5 17. Nxf8+ Rxf8 18. Qd3 Kg8 19. Bxf5 Rxf5 20. Qb3+ Kf8 21. Qxb7 Qb5+ 22. Qxb5 cxb5 23. Re1 Nc6 24. c3 b4 25. Nh4 Rb5 26. c4 Ra5 27. d5 Ne5 28. Bxe5 dxe5 29. Nf5 Bf6 30. Rb1 Rxa2 31. g3 b3 32. Ke2 e4 33. Rhd1 Bxb2 34. Ke3 Rb8 35. d6 exd6 36. Nxd6 Bh8 37. c5 b2 38. c6 Ra3+ 39. Kf4 Rc3 40. Kxe4 Rxc6 41. Kf5 a5 42. Ke4 0-1

[Event "Ebbe Cup 48"]
[Site "Goteborgs Schackcentrum, Vegatan 20, Gothenburg, Sweden"]
[Date "2025.02.14"]
[Round "1.11"]
[White "Munuswamy, Shivakumar"]
[Black "Gallardo, Guillermo"]
[Result "0-1"]
[TimeControl "90 minutes + 30 seconds per move from move one"]
[WhiteFideId "1788914"]
[BlackFideId "1773488"]
[WhiteElo "1586"]
[BlackElo "1773"]

1. d4 Nf6 2. Nf3 b6 3. c3 Bb7 4. Bg5 g6 5.
Nbd2 Bg7 6. e3 d6 7. Bd3 Nbd7 8. e4 e5 9. d5 a5 10.
a3 O-O 11. O-O h6 12. Bh4 g5 13. Bg3 Qe7 14. h4 Nh5 15. Be2 Nf4 16. Bxf4 exf4 17. hxg5 hxg5 18. Nb3 Qxe4 19. Nxg5 Qxd5 20. Bf3 Qxd1 21. Raxd1 Bxf3 22. Nxf3 Ne5 23. Nfd4 Nc4 24. Rd3 Nxb2 25. Rf3 Be5 26. Nc6 f6 27. Rh3 Kg7 28. Nbd4 Rh8 29. Ne6+ Kg6 30. Nxe5+ fxe5 31. Rxh8 Rxh8 32. Nxc7 Nc4 33. a4 Kf5 34. Rb1 Ke4 35. Rd1 Rg8 36. Nd5 Rh8 37. Nf6+ Kf5 38. Nd5 Rh7 39. Rb1 Rb7 40. f3 Ke6 41. Rd1 Nb2 42. Rd2 Nxa4 43. c4 Nc5 44. Re2 Kd7 45. Nc3 a4 46. Nb5 Kc6 47. Rd2 Rd7 48. Kf2 Nb3 49. Ra2 Nd4 50. Nc3 Ra7 51. Ke1 b5 52. cxb5+ Nxb5 53. Nxa4 d5 54. Rc2+ Kd6 55. Nb6 Ra1+ 56. Kd2 Nd4 57. Nc8+ Ke6 58. Rc5 Nb3+ 59. Ke1 0-1

[Event "Ebbe Cup 48"]
[Site "Goteborgs Schackcentrum, Vegatan 20, Gothenburg, Sweden"]
[Date "2025.02.15"]
[Round "2.1"]
[White "Karlsson, Stefan"]
[Black "Brodocz, Bartosz"]
[Result "1-0"]
[TimeControl "90 minutes + 30 seconds per move from move one"]
[WhiteFideId "1771183"]
[BlackFideId "21025894"]
[WhiteElo "2050"]
[BlackElo "1821"]

1. e4 c5 2. Nf3 g6 3. c3 Bg7 4. d4 cxd4 5. cxd4 d5 6. e5 a6 7. h3 f6 8. Bf4 Nc6 9. Qd2 Bf5 10.
Nc3 Be4 11. exf6 Nxf6 12. Ng5 Bf5 13. g4 Bd7 14. Bg2 h6 15. Nf3 g5 16. Be5 O-O 17. Qe3 Be8 18. O-O Bg6 19. Ne1 Nxe5 20.
Qxe5 Bf7 21. Qe3 e5 22. Nf3 e4 23. Ne5 Nh7 24. Nxf7 Rxf7 25. Rad1 Nf8 26. f3 Ne6 27. fxe4 Rxf1+ 28. Bxf1 Qb6 29. e5 Nf4 30. Rd2 Re8 31. Qf2 Rf8 32. Qe3 Re8 33. Nd1 Re6 34. Kh2 Qc7 35. Nc3 b5 36. Qf3 Bxe5 37.
dxe5 Qxe5 38. Qg3 d4 39. Ne2 d3 40. Nxf4 gxf4 41. Qf3 Qe3 42. Rxd3 Qe1 43. Rd1 Qb4 44. Qb3 Qxb3 45. axb3 Re3 46.
Bd3 Kg7 47. h4 Rg3 48. g5 hxg5 49. hxg5 Rxg5 50. Rg1 Rxg1 51. Kxg1 Kf6 52. Kf2 Ke5 53. Kf3 Kd4 54. Be2 Kc5 55.
Kxf4 Kb4 56. Bd1 a5 57. Ke4 a4 58. Kd4 axb3 59. Kd5 Ka5 60. Kc5 Ka6 61. Be2 Ka5 62. Bd3 b4 63. Bc4 Ka4 64.
Bg8 Ka5 65. Bxb3 Ka6 66. Kxb4 Kb6 67. Bc4 Kc7 68. Kb5 Kb7 69. Bd5+ Ka7 70. b4 Kb8 71. Kb6 Kc8 72. b5 Kb8 73.
Bh1 Kc8 74. Ka7 1-0

[Event "Ebbe Cup 48"]
[Site "Goteborgs Schackcentrum, Vegatan 20, Gothenburg, Sweden"]
[Date "2025.02.15"]
[Round "2.2"]
[White "Bergdahl, Daniel"]
[Black "Andren, Patrik"]
[Result "0-1"]
[TimeControl "90 minutes + 30 seconds per move from move one"]
[WhiteFideId "1780921"]
[BlackFideId "1767135"]
[WhiteElo "1818"]
[BlackElo "1959"]

1. e4 e6 2. d4 d5 3. e5 c5 4.
c3 Nc6 5. Nf3 Nge7 6. Bd3 cxd4 7. cxd4 Nf5 8. Bxf5 exf5 9. O-O Be7 10. Nc3 Be6 11. Re1 O-O 12. Ne2 Qb6 13. Nf4 Rac8 14.
Nh5 Rfd8 15. Qd2 Qb4 16. Qe3 Kf8 17. Nxg7 Kxg7 18. Qh6+ Kh8 19. a3 Qa5 20. Bd2 Bf8 21. Qh4 Qc7 22.
Bg5 Bg7 23. Bf6 Bxf6 24. Qxf6+ Kg8 25. Qh6 f4 26. Qxf4 Kf8 27. Ng5 Ke7 28. Qh4 Kd7 29. Nxh7 Qb6 30. Rad1 Kc7 31. Ng5 Kb8 32. Qf4 Rg8 33. h4 Qxb2 34. Nf3 Rg4 35. Qe3 Rcg8 36.
Re2 Rxg2+ 37. Kh1 Qb6 {White played 39. Qe3-h5} 0-1

[Event "Ebbe Cup 48"]
[Site "Goteborgs Schackcentrum, Vegatan 20, Gothenburg, Sweden"]
[Date "2025.02.15"]
[Round "2.3"]
[White "Green, David"]
[Black "Sreedvan, Shrishti"]
[Result "1-0"]
[TimeControl "90 minutes + 30 seconds per move from move one"]
[WhiteFideId "1769332"]
[BlackFideId "1773739"]
[WhiteElo "1892"]
[BlackElo "1519"]

1. e4 c5 2. Nf3 d6 3. d4 cxd4 4. Nxd4 e5 5. Nb5 Nf6 6. Bg5 a6 7. N5c3 Be7 8. Bxf6 Bxf6 9. Nd5 O-O 10.
Nbc3 Be6 11. g3 Nd7 12. Bg2 Be7 13. O-O Nf6 14. Nxf6+ Bxf6 15. Qd3 Qd7 16. Rfd1 Rfd8 17. Nd5 Bxd5 18.
Qxd5 Rac8 19. c3 Rc5 20. Qd3 Qb5 21.
Qc2 h6 22. h4 h5 23. Rd3 g6 24. Rad1 Qc6 25. Rf3 Bg7 26. Qb3 Qd7 27. Rfd3 Rc6 28. Kh2 Qe7 29. Bh3 Qc7 30. Rf3 Rf8 31.
Rfd3 Rd8 32. Qc2 Qe7 33. Rf3 Kh7 34. Qb3 Bf6 35. Qd5 Kg7 36. Rdd3 Rf8 37. Rd2 Kh7 38. Rfd3 Rd8 39. Kg1 Kg7 40.
Rf3 Kh7 41. Bf1 Rc5 42. Qb3 d5 43. exd5 Rcxd5 44. Rxd5 Rxd5 45. Qxd5 e4 46. Re3 g5 1-0

[Event "Ebbe Cup 48"]
[Site "Goteborgs Schackcentrum, Vegatan 20, Gothenburg, Sweden"]
[Date "2025.02.15"]
[Round "2.4"]
[White "Gallardo, Guillermo"]
[Black "Christoforidis, Nicolas"]
[Result "0-1"]
[TimeControl "90 minutes + 30 seconds per move from move one"]
[WhiteFideId "1773488"]
[BlackFideId "1789180"]
[WhiteElo "1773"]
[BlackElo "1886"]

1. Nf3 d5 2. d4 Nf6 3. c4 e6 4. Nc3 c5 5. e3 Nc6 6.
cxd5 exd5 7. Bb5 a6 8. Be2 c4 9. O-O Bd6 10. a3 O-O 11. b4 b5 12. Bb2 h6 13. Ne1 Bc7 14. f4 Qe7 15.
Qd2 Re8 16. Nd1 Ne4 17. Qc1 a5 18. Nc3 Nxc3 19. Qxc3 axb4 20. axb4 Rxa1 21. Bxa1 Qxe3+ 22. Qxe3 Rxe3 23. Kf2 Re8 24.
Bc3 Bxf4 25. Nc2 Bxh2 26. Bf3 Bc7 27. Bxd5 Ne7 28. Bf3 Bd7 29. Ne3 Bf4 30. Nc2 Bf5 31. Na3 Rb8 32. g3 Bd6 33.
Re1 Bd3 34. Be4 Nf5 35. Bxf5 Bxf5 36. Kf3 Bd7 37. Nc2 Ra8 38. Ne3 Ra3 39. Rc1 Rb3 40. Nd5 Bc6 41. Ke4 f5+ 0-1

[Event "Ebbe Cup 48"]
[Site "Goteborgs Schackcentrum, Vegatan 20, Gothenburg, Sweden"]
[Date "2025.02.15"]
[Round "2.5"]
[White "Laudinger, Christian"]
[Black "Havner, Arvid"]
[Result "0-1"]
[TimeControl "90 minutes + 30 seconds per move from move one"]
[WhiteFideId "1774638"]
[BlackFideId "1769308"]
[WhiteElo "1626"]
[BlackElo "1881"]

1. f4 d5 2. Nf3 Nh6 3. e3 g6 4. c4 c6 5. cxd5 cxd5 6. Nc3 Bg7 7. d4 Bg4 8. Be2 Nc6 9. Bd2 O-O 10.
O-O Nf5 11. Qb3 Bxf3 12. Bxf3 e6 13. Qd1 Rc8 14. a3 Na5 15. Rb1 Nc4 16. Qe1 Qb6 17. Na4 Qc6 18. Nc5 Nxd4 19. Nd3 Nxf3+ 20. Rxf3 Nxd2 21. Qxd2 Qc2 22. Qxc2 Rxc2 23. Rf2 Rfc8 24. Kf1 Rxf2+ 25. Kxf2 Rc2+ 26. Kf1 Rd2 27. Ne5 Bxe5 28. fxe5 Kg7 29.
Rc1 Rxb2 30. Rc7 a6 31. a4 b5 32. axb5 axb5 33. Rb7 b4 34. h3 b3 35. Kg1 Rb1+ 36. Kf2 b2 37. Kg3 Re1 38.
Rxb2 Rxe3+ 39. Kf4 Re4+ 40. Kf3 Rxe5 0-1

[Event "Ebbe Cup 48"]
[Site "Goteborgs Schackcentrum, Vegatan 20, Gothenburg, Sweden"]
[Date "2025.02.15"]
[Round "2.6"]
[White "Gustavsson, Ville"]
[Black "Sivarama, Saadhvik"]
[Result "1/2-1/2"]
[TimeControl "90 minutes + 30 seconds per move from move one"]
[WhiteFideId "1792822"]
[BlackFideId "1773720"]
[WhiteElo "1884"]
[BlackElo "1657"]

1. e4 c5 2. Nc3 d6 3. f4 Nc6 4. Nf3 Bg4 5. Bc4 e6 6. Bb5 Nge7 7. h3 Bxf3 8. Qxf3 a6 9. Bxc6+ Nxc6 10.
Ne2 Be7 11. c3 Qd7 12. d4 cxd4 13. Nxd4 Nxd4 14. cxd4 d5 15. e5 Bb4+ 16. Kf2 Rc8 17. Qb3 Be7 18. Be3 Rc4 19. Rhc1 Rb4 20.
Qc3 O-O 21. b3 Rb6 22. Qc7 Qxc7 23. Rxc7 Ba3 24. Bc1 Bb4 25. a3 Ba5 26. b4 Rxb4 27. Rc5 Rb5 28. Rxb5 axb5 29. Rb1 b6 30.
Ke3 h6 31. Rxb5 Ra8 32. g4 Rc8 33. Bd2 Bxd2+ 34. Kxd2 Rc4 35. Kd3 Ra4 36. Rb3 Ra6 37. Kc3 Ra4 38. h4 1/2-1/2

[Event "Ebbe Cup 48"]
[Site "Goteborgs Schackcentrum, Vegatan 20, Gothenburg, Sweden"]
[Date "2025.02.15"]
[Round "2.7"]
[White "Madevan Vaishnavi, Yaashvan"]
[Black "Hamsten, Martin"]
[Result "1-0"]
[TimeControl "90 minutes + 30 seconds per move from move one"]
[WhiteFideId "1772180"]
[BlackFideId "1780425"]
[WhiteElo "1867"]
[BlackElo "1669"]

1. e4 c6 2. d4 d5 3. e5 Bf5 4. h4 h5 5. Bd3 Bxd3 6. Qxd3 Qa5+ 7. Nc3 e6 8. Nge2 Ne7 9. Bd2 Qa6 10.
Qxa6 Nxa6 11. O-O Nf5 12. g3 Be7 13. Nd1 c5 14. c3 cxd4 15. Nxd4 Nxd4 16. cxd4 Rc8 17. Ne3 g5 18. hxg5 Bxg5 19. f4 Be7 20. f5 Bg5 21. Rad1 Bh6 22. fxe6 fxe6 23.
Rf6 Bxe3+ 24. Bxe3 Rc6 25. a3 Rg8 26. Kh2 Rh8 27. Kh3 Nb8 28. Kh4 Nd7 29. Rg6 Kf7 30. Kg5 Rc2 31. Rf1+ Ke7 32.
Rg7+ Ke8 33. Rff7 Rc7 34. Re7+ Kd8 35. Rxe6 Nf8 36. Rd6+ Kc8 37. Rxc7+ Kxc7 38. Bf4 Nd7 39. Rxd5 Nb6 40.
e6+ Kc8 41. Rc5+ Kd8 42. d5 Nc8 43. d6 Rg8+ 44. Kf6 1-0

[Event "Ebbe Cup 48"]
[Site "Goteborgs Schackcentrum, Vegatan 20, Gothenburg, Sweden"]
[Date "2025.02.15"]
[Round "2.8"]
[White "Hernebring, Marten"]
[Black "Hitcher, Oscar"]
[Result "0-1"]
[TimeControl "90 minutes + 30 seconds per move from move one"]
[WhiteFideId "1776894"]
[BlackFideId "1746901"]
[WhiteElo "1663"]
[BlackElo "1712"]

1. e4 e6 2. d4 d5 3. Nc3 dxe4 4.
Nxe4 Nd7 5. Nf3 Ngf6 6. Nxf6+ Nxf6 7. Bd3 Be7 8. Qe2 O-O 9. g4 b6 10. Rg1 Bb7 11. Be3 Nd5 12. O-O-O Nxe3 13.
fxe3 Qd5 14. Nd2 Qxa2 15. g5 Bb4 16. Nb1 Qd5 17. c3 Be7 18. Bxh7+ Kxh7 19. Qh5+ Kg8 20. Rg3 f6 21. e4 Qxe4 22.
g6 Qf4+ 23. Nd2 Qh6 24. Qe2 Bc8 25. d5 Bd6 26. Rg2 exd5 27. c4 Bh3 28. Rgg1 Rfe8 29. Qf3 dxc4 30. Rde1 Bb4 31. Qd5+ Kh8 32.
Rxe8+ Rxe8 33. Qf7 Qxd2+ 34. Kb1 Bf5+ 35. Ka2 Qd7 36. Rd1 Qa4# 0-1

[Event "Ebbe Cup 48"]
[Site "Goteborgs Schackcentrum, Vegatan 20, Gothenburg, Sweden"]
[Date "2025.02.15"]
[Round "2.9"]
[White "Evertsson, David"]
[Black "Gallon, John"]
[Result "1-0"]
[TimeControl "90 minutes + 30 seconds per move from move one"]
[WhiteFideId "1777424"]
[BlackFideId "1783661"]
[WhiteElo "1710"]
[BlackElo "1651"]

1. e4 c6 2. d4 d5 3. exd5 cxd5 4. c4 Nf6 5. Nc3 Nc6 6. Nf3 Bg4 7. cxd5 Nxd5 8. Qb3 Bxf3 9. gxf3 e6 10.
Qxb7 Qc8 11. Ba6 Nxd4 12. Qxc8+ Rxc8 13. Bxc8 Nc2+ 14. Kd1 Nxa1 15. Nxd5 exd5 16. b3 Bb4 17. Bb2 O-O 18. Ba6 Nxb3 19.
axb3 Rb8 20. Rg1 g6 21. Rg5 d4 22. Bc4 Re8 23. Bxd4 a5 24. Be3 Kf8 25. Bc5+ Bxc5 26. Rxc5 f5 27.
Rxa5 Re7 28. b4 Kg7 29. b5 Rd7+ 30. Kc2 Kf6 31. b6 Rb7 32. Rb5 Kg5 33. Bd5 Rb8 34. b7 Kf4 35. Ra5 Ke5 36.
Ra8 Kxd5 37. Rxb8 Kc6 38. Rh8 Kxb7 39. Rxh7+ Kc6 40. Rh6 Kd5 41. Rxg6 f4 42. Kd3 Ke5 43. h4 Kf5 44. Rg1 Ke5 45.
h5 Kd5 46. h6 Ke5 47. h7 Kd5 48. h8=Q Kc5 49. Rg5+ Kd6 50. Qe5+ Kc6 51. Rg6+ Kd7 52. Qg7+ Ke8 53. Rh6 Kd8 54. Rh8# 1-0

[Event "Ebbe Cup 48"]
[Site "Goteborgs Schackcentrum, Vegatan 20, Gothenburg, Sweden"]
[Date "2025.02.15"]
[Round "2.10"]
[White "Hassinge, Ove"]
[Black "Dahlin, Emil"]
[Result "1-0"]
[TimeControl "90 minutes + 30 seconds per move from move one"]
[WhiteFideId "1774530"]
[BlackFideId "1771035"]
[WhiteElo "1655"]
[BlackElo "1698"]

1. e4 e5 2. Nf3 Nc6 3. Bc4 Nf6 4. Ng5 d5 5. exd5 Na5 6. Bb5+ c6 7. dxc6 bxc6 8. Bd3 h6 9. Ne4 Nxe4 10.
Bxe4 Be7 11. O-O O-O 12. c3 f5 13. Bc2 g5 14. b4 Nb7 15. Bb3+ Kg7 16. Qe2 Qd6 17. Na3 Be6 18. Nc4 Bxc4 19.
Bxc4 g4 20. d3 Bg5 21. Re1 Bxc1 22. Raxc1 Rae8 23. Qe3 c5 24. a3 e4 25. dxe4 Rxe4 26. Qd3 Rfe8 27. Rxe4 Rxe4 28. Qd5 Qxd5 29.
Bxd5 Re7 30. Kf1 Kf6 31. Re1 Rxe1+ 32. Kxe1 Nd6 33. bxc5 Nb5 34. a4 Nxc3 35. Bc6 Na2 36. Kd2 Nb4 37.
Bd7 Na6 38. c6 Ke5 39. Kd3 Nc7 40. Kc4 Nd5 41. Kc5 Nc7 42. a5 Na6+ 43. Kc4 Nc7 44. Bc8 Ke4 45. Kc5 Ke5 46. a6 Ne6+ 47.
Bxe6 Kxe6 48. h3 h5 49. h4 f4 50. g3 f3 51. Kd4 Kd6 52. Ke4 Kxc6 53. Kf5 Kd5 54. Kg5 Ke5 55. Kxh5 Kf5 56.
Kh6 Kf6 57. h5 Kf7 58. Kg5 1-0

[Event "Ebbe Cup 48"]
[Site "Goteborgs Schackcentrum, Vegatan 20, Gothenburg, Sweden"]
[Date "2025.02.15"]
[Round "2.11"]
[White "Pettersson, Lennart"]
[Black "Munuswamy, Shivakumar"]
[Result "0-1"]
[TimeControl "90 minutes + 30 seconds per move from move one"]
[WhiteFideId "1791419"]
[BlackFideId "1788914"]
[WhiteElo "1691"]
[BlackElo "1586"]

1. e4 d6 2. b3 Nf6 3. Nc3 c6 4. h3 Nbd7 5. Nf3 e5 6. Bd3 b5 7. O-O b4 8. Na4 d5 9. exd5 cxd5 10.
Be2 Bd6 11. d4 e4 12. Nh2 Qc7 13. Ng4 Nxg4 14. Bxg4 Nf6 15. Bxc8 Rxc8 16. Be3 O-O 17. Nc5 Bxc5 18. dxc5 Rfd8 19. Bd4 Qf4 20. Qc1 Qxc1 21. Rfxc1 Rc6 22. a3 a5 23. axb4 axb4 24. Ra7 Rb8 25.
Rca1 Rcc8 26. Be5 Rb5 27. Ra8 Rbxc5 28. Bd6 Rxc2 29. Bxb4 h6 30. Rxc8+ Rxc8 31. Bd6 d4 32. b4 Nd5 33.
Re1 f5 34. g4 g6 35. Bc5 d3 36. f3 e3 37. Bxe3 Nxe3 38. Rxe3 d2 39. Rd3 Rc1+ 40. Kf2 d1=Q 0-1

[Event "Ebbe Cup 48"]
[Site "Goteborgs Schackcentrum, Vegatan 20, Gothenburg, Sweden"]
[Date "2025.02.15"]
[Round "3.1"]
[White "Christoforidis, Nicolas"]
[Black "Karlsson, Stefan"]
[Result "1-0"]
[TimeControl "90 minutes + 30 seconds per move from move one"]
[WhiteFideId "1789180"]
[BlackFideId "1771183"]
[WhiteElo "1886"]
[BlackElo "2050"]

1. d4 Nf6 2. Bf4 g6 3. e3 Bg7 4. Nc3 d5 5. h3 O-O 6. Nf3 c5 7. Be2 Nc6 8. O-O Re8 9. Nb5 Nh5 10.
Bh2 Rf8 11. c3 Nf6 12. dxc5 Ne8 13. Nbd4 f6 14. Nxc6 bxc6 15. Nd4 Qd7 16. Qc2 e5 17. Nb3 Qf7 18. Na5 Qc7 19. b4 f5 20.
Rad1 Nf6 21. c4 Be6 22. Nb3 Rab8 23. Nd4 Bd7 24. a3 Rfe8 25. cxd5 Nxd5 26. Bc4 Rbc8 27. e4 fxe4 28. Qxe4 Qb7 29.
Nf3 Be6 30. Ng5 Rcd8 31. Nxe6 Rxe6 32. b5 Qe7 33. bxc6 Nc7 34. Rxd8+ Qxd8 35. Bxe6+ Nxe6 36. Bxe5 Bf8 37. Bd6 Qc8 38. Qd5 Bh6 39. Re1 Kf7 40. c7 Qd7 41. Qxe6+ Qxe6 42. Rxe6 Kxe6 43. c8=Q+ Kd5 44. Qg8+ 1-0